[Event "December 12 Early 2023"]
[Site "https://www.chess.com"]
[Date "2023.12.12"]
[Round "3"]
[White "Cardozo Munar, Carlos Eduardo"]
[Black "Flores Quillas, Diego Saul Rodri"]
[Result "0-1"]
[Board "142"]
[TimeControl "180+1"]
[WhiteFideId "4409477"]
[BlackFideId "3822508"]
[WhiteElo "2281"]
[BlackElo "2540"]
[WhiteTeam "COL"]
[BlackTeam "PER"]
[WhiteClock "0:01:32"]
[BlackClock "0:01:35"]

1. g3 d5 2. Bg2 c6 3. Nf3 Bf5 4. d4 e6 5. O-O h6 6. Nbd2 Nf6 7. Re1 Nbd7 8. Ne5 Bd6 9. Nxd7 Qxd7 10. c3 O-O 11. Qb3 c5 12. dxc5 Bxc5 13. e4 Ng4 14. exf5 Bxf2+ 15. Kf1 Bxe1 16. Kxe1 exf5 17. h3 Rfe8+ 18. Kf1 Ne3+ 19. Kg1 Nxg2 20. Kxg2 Re2+ 21. Kf1 Rae8 22. Nf3 f4 23. g4 h5 24. Qd1 hxg4 25. hxg4 Qxg4 26. Qxe2 Rxe2 27. Kxe2 Qg2+ 28. Kd3 Qxf3+ 29. Kc2 Qe2+ 30. Bd2 f3 31. Re1 Qc4 32. b3 Qa6 0-1

[Event "December 12 Early 2023"]
[Site "https://www.chess.com"]
[Date "2023.12.12"]
[Round "3"]
[White "Jimenez Almeida, Luis David"]
[Black "Mishra, Manoj"]
[Result "1-0"]
[Board "143"]
[TimeControl "180+1"]
[WhiteFideId "22242244"]
[BlackFideId "5006007"]
[WhiteElo "2536"]
[BlackElo "2252"]
[WhiteTeam "ESP"]
[BlackTeam "IND"]
[WhiteClock "0:00:35"]
[BlackClock "0:00:00"]

1. e4 Nf6 2. e5 Nd5 3. c4 Nb6 4. d4 d6 5. exd6 cxd6 6. Nc3 g6 7. Be3 Bg7 8. Bd3 O-O 9. Nge2 Nc6 10. Qd2 e5 11. d5 Ne7 12. O-O f5 13. f3 f4 14. Bf2 Nf5 15. Ne4 Nd7 16. b4 Nf6 17. Rac1 Nxe4 18. Bxe4 Qg5 19. Bxf5 Bxf5 20. Nc3 Bh6 21. c5 Bh3 22. Be1 Bf5 23. Bf2 Rad8 24. c6 bxc6 25. dxc6 Rc8 26. b5 e4 27. Qd5+ Rf7 28. Nxe4 Bxe4 29. Qxg5 Bxg5 30. fxe4 f3 31. Rcd1 fxg2 32. Kxg2 Bf4 33. Bg3 Bxg3 34. Kxg3 Re7 35. Rf4 Kg7 36. Rxd6 a6 37. a4 axb5 38. axb5 Re5 39. b6 Rb5 40. b7 Rc7 41. Rd7+ Rxd7 42. cxd7 Rxb7 43. d8=Q Kh6 44. Rh4+ Kg7 45. Qd4+ Kg8 46. Qd5+ Rf7 47. Qxf7+ Kxf7 48. Rxh7+ 1-0

[Event "December 12 Early 2023"]
[Site "https://www.chess.com"]
[Date "2023.12.12"]
[Round "3"]
[White "Daroczi, Donat"]
[Black "Matyunin, Maxim"]
[Result "1-0"]
[Board "144"]
[TimeControl "180+1"]
[WhiteFideId "788376"]
[BlackFideId "34106682"]
[WhiteElo "2266"]
[BlackElo "2536"]
[WhiteTeam "HUN"]
[BlackTeam "RUS"]
[WhiteClock "0:00:09"]
[BlackClock "0:00:22"]

1. d4 e6 2. c4 d5 3. Nf3 Be7 4. g3 Nf6 5. Bg2 O-O 6. O-O b6 7. Nc3 Bb7 8. Bf4 Nbd7 9. Rc1 c5 10. cxd5 exd5 11. dxc5 bxc5 12. Qa4 Nb6 13. Qb3 Rc8 14. Rfd1 d4 15. Nxd4 Bxg2 16. Nf5 Qe8 17. Kxg2 c4 18. Qc2 Bc5 19. Bd6 Qc6+ 20. e4 Rfe8 21. Bxc5 Qxc5 22. Nd6 Ng4 23. Nxc8 Rxc8 24. h3 Ne5 25. Nd5 h5 26. Nxb6 axb6 27. Rd5 Qe7 28. Qc3 f6 29. f4 Nd3 30. Rxd3 Qxe4+ 31. Rf3 h4 32. Re1 Qd5 33. Qe3 Kh8 34. Qe6 Qd8 35. Rfe3 c3 36. Qe8+ Qxe8 37. Rxe8+ Rxe8 38. Rxe8+ Kh7 39. bxc3 b5 40. g4 Kg6 41. Kf3 Kh6 42. Re4 f5 43. gxf5 Kh5 44. Rb4 g5 45. fxg6 Kh6 46. Rxb5 Kg7 47. f5 Kh6 48. Kg4 Kg7 49. Kg5 Kf8 50. f6 Ke8 51. Rd5 Kf8 52. Rd8# 1-0

[Event "December 12 Early 2023"]
[Site "https://www.chess.com"]
[Date "2023.12.12"]
[Round "3"]
[White "Adelman, Charles"]
[Black "Hirneise, Jens"]
[Result "0-1"]
[Board "145"]
[TimeControl "180+1"]
[WhiteFideId "2003597"]
[BlackFideId "24614734"]
[WhiteElo "2256"]
[BlackElo "2535"]
[WhiteTeam "USA"]
[BlackTeam "GER"]
[WhiteClock "0:00:54"]
[BlackClock "0:01:22"]

1. Nf3 c6 2. c4 d5 3. b3 d4 4. g3 g6 5. d3 e5 6. Bg2 Nf6 7. O-O Nbd7 8. Nbd2 Bg7 9. b4 O-O 10. Bb2 Re8 11. e3 dxe3 12. fxe3 Qb6 13. d4 exd4 14. Bxd4 Qxb4 15. Rb1 Qe7 16. Re1 c5 17. Ba1 Nb6 18. a4 Bf5 19. Rb5 Bd7 20. Ra5 Bc6 21. Ne5 Bxg2 22. Kxg2 Nbd7 23. Nxd7 Nxd7 24. Bxg7 Kxg7 25. Nf3 a6 26. Qd5 b6 0-1

[Event "December 12 Early 2023"]
[Site "https://www.chess.com"]
[Date "2023.12.12"]
[Round "3"]
[White "Kazmin, Semen"]
[Black "Nechitaylo, Nikita"]
[Result "0-1"]
[Board "146"]
[TimeControl "180+1"]
[WhiteFideId "34171409"]
[BlackFideId "34138161"]
[WhiteElo "2534"]
[BlackElo "2252"]
[WhiteTeam "RUS"]
[BlackTeam "UKR"]
[WhiteClock "0:00:00"]
[BlackClock "0:00:18"]

1. e4 c5 2. Nf3 d6 3. Nc3 Nf6 4. d4 cxd4 5. Qxd4 Nc6 6. Qd2 g6 7. b3 Bg7 8. Bb2 Nxe4 9. Qe3 Qa5 10. Nd2 Bxc3 11. O-O-O Bxd2+ 12. Rxd2 Qxd2+ 13. Qxd2 Nxd2 14. Bxh8 Nxf1 15. Rxf1 f6 16. Bg7 Kf7 17. Bh6 g5 18. f4 Kg6 19. fxg5 fxg5 20. Bf8 Bf5 21. Bg7 e5 22. Bh6 Nd4 23. c3 Ne2+ 24. Kd2 Nf4 25. g3 Ne6 26. h4 Kxh6 27. Rxf5 Rf8 28. hxg5+ Kg6 29. Rxf8 Nxf8 30. Kd3 d5 31. c4 d4 32. Ke4 Kxg5 33. b4 Nd7 34. c5 Kg4 0-1

[Event "December 12 Early 2023"]
[Site "https://www.chess.com"]
[Date "2023.12.12"]
[Round "3"]
[White "Rodriguez Avila, Alvaro"]
[Black "Yashmetov, Mikhail"]
[Result "1-0"]
[Board "147"]
[TimeControl "180+1"]
[WhiteFideId "24570249"]
[BlackFideId "24198900"]
[WhiteElo "2247"]
[BlackElo "2534"]
[WhiteTeam "ESP"]
[BlackTeam "RUS"]
[WhiteClock "0:01:14"]
[BlackClock "0:00:01"]

1. e4 c6 2. d4 d5 3. e5 Bf5 4. h4 h6 5. Bd3 Bxd3 6. Qxd3 e6 7. Ne2 c5 8. c3 Nc6 9. a3 Rc8 10. Nd2 Qb6 11. b4 cxd4 12. cxd4 Nge7 13. Nf3 g6 14. h5 g5 15. O-O Bg7 16. Nh2 Nf5 17. Be3 O-O 18. Ng4 Qd8 19. Ng3 Nce7 20. Nf6+ Kh8 21. Rac1 Rxc1 22. Rxc1 a6 23. a4 Qb6 24. Nd7 Qd8 25. Nxf8 Qxf8 26. Rc7 Qb8 27. Qc2 Nxg3 28. fxg3 Bf8 29. g4 Kg7 30. b5 axb5 31. axb5 Nc6 32. Qg6+ Kh8 33. Rxf7 Ne7 34. Qh7# 1-0

[Event "December 12 Early 2023"]
[Site "https://www.chess.com"]
[Date "2023.12.12"]
[Round "3"]
[White "Deveci, Huseyin Said"]
[Black "Aggelis, Nikolaos"]
[Result "1-0"]
[Board "148"]
[TimeControl "180+1"]
[WhiteFideId "26322455"]
[BlackFideId "4213220"]
[WhiteElo "2247"]
[BlackElo "2532"]
[WhiteTeam "TUR"]
[BlackTeam "GRE"]
[WhiteClock "0:00:51"]
[BlackClock "0:00:10"]

1. e4 c6 2. Nf3 d5 3. d3 dxe4 4. dxe4 Qxd1+ 5. Kxd1 f6 6. Nbd2 e5 7. Ne1 Bc5 8. Nd3 Bb6 9. f3 Be6 10. a4 a5 11. h4 Nd7 12. h5 Ne7 13. b3 O-O-O 14. Ba3 Rhe8 15. Be2 Bd4 16. Rb1 c5 17. Ke1 Nc6 18. Rd1 Kc7 19. Nb2 Nb4 20. Bxb4 axb4 21. Nbc4 Nb6 22. Nxb6 Kxb6 23. Nc4+ Kc6 24. Bd3 Ra8 25. Ke2 Reb8 26. Ne3 Ra5 27. g4 b5 28. axb5+ Rbxb5 29. Bxb5+ Kxb5 30. Nf5 Ra2 31. Nxd4+ exd4 32. Rd2 Kc6 33. Rg1 Bc8 34. f4 Ba6+ 35. Kf3 d3 36. Rc1 Rb2 37. Ke3 Kb6 38. cxd3 Rxb3 39. e5 fxe5 40. fxe5 Bb5 41. Ke4 c4 42. dxc4 Bc6+ 43. Kd4 Rg3 44. e6 Kc7 45. Ke5 Re3+ 46. Kf4 Re4+ 47. Kg3 Rxe6 48. Rf1 Re3+ 49. Kh4 Re4 50. Rf7+ Kb6 51. Rxg7 Rxc4 52. Rxh7 b3 53. Rb2 Bd5 54. Rxb3+ Kc5 55. Rc7+ Kd6 56. Rxc4 Bxc4 57. Rc3 Be6 58. g5 Ke5 59. h6 Bf5 60. Rc5+ Ke4 61. Rxf5 Kxf5 62. h7 Kg6 63. h8=Q 1-0

[Event "December 12 Early 2023"]
[Site "https://www.chess.com"]
[Date "2023.12.12"]
[Round "3"]
[White "Monpeurt, Cyrielle"]
[Black "Estrada Nieto, Julian"]
[Result "1/2-1/2"]
[Board "149"]
[TimeControl "180+1"]
[WhiteFideId "677400"]
[BlackFideId "5101018"]
[WhiteElo "2244"]
[BlackElo "2532"]
[WhiteTeam "FRA"]
[BlackTeam "ESP"]
[WhiteClock "0:00:15"]
[BlackClock "0:00:21"]

1. Nf3 d5 2. c4 d4 3. e3 Nc6 4. b4 dxe3 5. fxe3 Nxb4 6. d4 e6 7. Be2 Nf6 8. O-O Be7 9. Nc3 O-O 10. Ng5 c5 11. Bf3 Nc6 12. d5 Ne5 13. Be2 exd5 14. cxd5 Nxd5 15. Nxd5 Bxg5 16. e4 Be6 17. Bxg5 Qxg5 18. Rc1 Rad8 19. Qb3 b6 20. Rcd1 Bxd5 21. exd5 Rd6 22. Kh1 Rfd8 23. Bf3 g6 24. h3 c4 25. Qc3 b5 26. Rfe1 Nxf3 27. Qxf3 Rxd5 28. Rxd5 Qxd5 29. Qf6 Qd6 30. Re8+ Rxe8 31. Qxd6 Re1+ 32. Kh2 Re2 33. Qc6 Rxa2 34. Qxb5 c3 35. Qb8+ Kg7 36. Qe5+ Kg8 37. Qxc3 Re2 38. Qc8+ Kg7 39. Qc3+ Kg8 40. Qa5 Re6 41. Qd8+ Kg7 42. Qd4+ Kg8 43. Qxa7 h5 44. Qa8+ Kg7 45. Qf3 Kg8 46. Qc3 Kh7 47. Qd4 Kg8 48. Qd8+ Kg7 49. Qd4+ Kg8 50. g4 hxg4 51. hxg4 Re8 52. Kg3 Re6 53. g5 Re8 54. Kf4 Re6 55. Qd8+ Kg7 56. Qd7 Kg8 57. Qd8+ Kg7 58. Qd4+ Kg8 59. Qd5 Re8 60. Qd7 Re6 61. Qc8+ Kg7 62. Qd7 Kg8 1/2-1/2

[Event "December 12 Early 2023"]
[Site "https://www.chess.com"]
[Date "2023.12.12"]
[Round "3"]
[White "Eilers, Stefan"]
[Black "Clawitter, Craig"]
[Result "1-0"]
[Board "150"]
[TimeControl "180+1"]
[WhiteFideId "4609565"]
[BlackFideId "2023105"]
[WhiteElo "2531"]
[BlackElo "2243"]
[WhiteTeam "GER"]
[BlackTeam "USA"]
[WhiteClock "0:00:53"]
[BlackClock "0:00:08"]

1. d4 e6 2. Nf3 Nf6 3. g3 d5 4. Bg2 Be7 5. O-O O-O 6. c4 dxc4 7. Ne5 Nc6 8. Bxc6 bxc6 9. Nxc6 Qe8 10. Nxe7+ Qxe7 11. Qa4 e5 12. Qxc4 exd4 13. Bg5 a5 14. Qxd4 Qxe2 15. Nc3 Qf3 16. Qf4 Qxf4 17. Bxf4 c6 18. b3 Nd5 19. Bd2 Nxc3 20. Bxc3 a4 21. bxa4 Rxa4 22. a3 Be6 23. Bb4 Rd8 24. Rfd1 Rxd1+ 25. Rxd1 h5 26. f3 Bd5 27. Kf2 g6 28. Re1 Kg7 29. f4 f6 30. Re7+ Kh6 31. Rc7 g5 32. f5 Be4 33. Bf8# 1-0

[Event "December 12 Early 2023"]
[Site "https://www.chess.com"]
[Date "2023.12.12"]
[Round "3"]
[White "Srivatsan Karthikeyan"]
[Black "Colbow, Collin"]
[Result "0-1"]
[Board "151"]
[TimeControl "180+1"]
[WhiteFideId "25684248"]
[BlackFideId "16201132"]
[WhiteElo "2230"]
[BlackElo "2531"]
[WhiteTeam "IND"]
[BlackTeam "GER"]
[WhiteClock "0:00:24"]
[BlackClock "0:01:15"]

1. e4 a6 2. a4 c5 3. Nf3 d6 4. c4 Nc6 5. Nc3 g6 6. d4 cxd4 7. Nxd4 Bg7 8. Be3 Nf6 9. f3 O-O 10. Be2 e6 11. O-O d5 12. Nxc6 bxc6 13. cxd5 cxd5 14. exd5 exd5 15. Bd4 Re8 16. Re1 Rb8 17. Qd2 Qa5 18. Qf4 Rb4 19. Na2 Nh5 20. Qd2 Bxd4+ 21. Kh1 Rxa4 0-1

[Event "December 12 Early 2023"]
[Site "https://www.chess.com"]
[Date "2023.12.12"]
[Round "3"]
[White "Fernandez Siles, Luis"]
[Black "Durucay, Uygar"]
[Result "1-0"]
[Board "152"]
[TimeControl "180+1"]
[WhiteFideId "2209420"]
[BlackFideId "44591560"]
[WhiteElo "2304"]
[BlackElo "2528"]
[WhiteTeam "ESP"]
[BlackTeam "TUR"]
[WhiteClock "0:00:31"]
[BlackClock "0:00:00"]

1. e4 c6 2. d4 d5 3. exd5 cxd5 4. c4 Nf6 5. Nc3 Nc6 6. Bg5 dxc4 7. Bxc4 e6 8. Nf3 Be7 9. O-O O-O 10. Re1 b6 11. a3 Bb7 12. Ba2 Rc8 13. Qd3 h6 14. Be3 Bd6 15. Rad1 Ne7 16. Bc1 Ned5 17. Bb1 Bb8 18. Ne2 Qd6 19. Ng3 Nf4 20. Qe3 Ng4 21. Qxf4 Qxf4 22. Bxf4 Bxf4 23. Be4 Ba6 24. d5 exd5 25. Bxd5 Rc2 26. b3 Nxf2 27. Rd4 Bxg3 28. hxg3 Nd3 29. Re7 Rc1+ 30. Kh2 Nf2 31. g4 Bc8 32. Kg3 Nxg4 33. Rxg4 Bxg4 34. Kxg4 Ra1 35. a4 Rd1 36. Bc4 Rd6 37. Ne5 Rf6 38. Nd7 Rg6+ 39. Kf5 Rxg2 40. Nxf8 Kxf8 41. Rxf7+ Ke8 42. Rxa7 h5 43. Bf7+ Kd8 44. Bxh5 Rf2+ 45. Ke5 Rb2 46. Bf7 g5 47. Bc4 g4 48. Rg7 Rg2 49. Kf4 1-0

[Event "December 12 Early 2023"]
[Site "https://www.chess.com"]
[Date "2023.12.12"]
[Round "3"]
[White "Sroczynski, Maciej"]
[Black "Osmonbekov, Talaibek"]
[Result "1-0"]
[Board "153"]
[TimeControl "180+1"]
[WhiteFideId "1121472"]
[BlackFideId "2017253"]
[WhiteElo "2528"]
[BlackElo "2215"]
[WhiteTeam "POL"]
[BlackTeam "USA"]
[WhiteClock "0:00:07"]
[BlackClock "0:00:00"]

1. d4 e6 2. c4 f5 3. g3 Nf6 4. Bg2 Be7 5. f4 O-O 6. Nf3 d6 7. Nc3 Nbd7 8. Ng5 Nb6 9. b3 h6 10. Nf3 Ne4 11. Bb2 a5 12. a4 Bf6 13. O-O g5 14. e3 g4 15. Nd2 d5 16. Ndxe4 fxe4 17. Qxg4+ Kh8 18. c5 Nd7 19. Qh5 Bg7 20. Bh3 Nf6 21. Qe2 Qe7 22. Kh1 c6 23. g4 Bd7 24. Rg1 Nh7 25. Nd1 Qh4 26. Qg2 Rg8 27. Nf2 Raf8 28. Bc3 Bf6 29. Bxa5 Bxd4 30. exd4 Rxf4 31. Raf1 Rgf8 32. Nd1 Ng5 33. Rxf4 Rxf4 34. Bd2 Nxh3 35. Bxf4 Nxf4 36. Qg3 Qxg3 37. Rxg3 Ne2 38. Rh3 Kg7 39. Nc3 Nxd4 40. b4 e5 41. b5 cxb5 42. axb5 Nxb5 43. Nxd5 Bc6 44. Ne3 Nd4 45. Rh5 Nf3 46. Rf5 Nd2 47. Rxe5 Nb3 48. h4 Kf6 49. Rf5+ Kg6 50. Kh2 Nd4 51. h5+ Kg7 52. Rf2 Nf3+ 53. Kg3 Ne5 54. Ra2 Nd3 55. Rc2 Kf6 56. Nf5 Kg5 57. Ne3 1-0

[Event "December 12 Early 2023"]
[Site "https://www.chess.com"]
[Date "2023.12.12"]
[Round "3"]
[White "Pertinez Soria, Juan Luis"]
[Black "Womacka, Mathias"]
[Result "1-0"]
[Board "154"]
[TimeControl "180+1"]
[WhiteFideId "2225620"]
[BlackFideId "4611390"]
[WhiteElo "2200"]
[BlackElo "2525"]
[WhiteTeam "ESP"]
[BlackTeam "GER"]
[WhiteClock "0:00:08"]
[BlackClock "0:00:02"]

1. d4 Nf6 2. Nf3 e6 3. Bf4 c5 4. c3 d5 5. Nbd2 Bd6 6. Bg3 O-O 7. e3 Qc7 8. Bd3 Nbd7 9. Qe2 e5 10. dxe5 Nxe5 11. Nxe5 Bxe5 12. Nf3 Bxg3 13. hxg3 h6 14. O-O Bg4 15. Rad1 Rad8 16. Rd2 Ne4 17. Rdd1 Qe7 18. Qc2 Ng5 19. Be2 Ne4 20. Qb3 b6 21. Qa4 a5 22. a3 Qf6 23. Qc2 Rfe8 24. Nh2 Bf5 25. Qb3 Be6 26. Qxb6 Rb8 27. Qxa5 Rxb2 28. Bf3 Nxc3 29. Rc1 d4 30. Qxc5 Na2 31. Rce1 dxe3 32. Rxe3 Rd8 33. Ng4 Bxg4 34. Bxg4 Rdd2 35. Bf3 g6 36. Re8+ Kg7 37. Qf8+ Kh7 38. Qg8# 1-0

[Event "December 12 Early 2023"]
[Site "https://www.chess.com"]
[Date "2023.12.12"]
[Round "3"]
[White "Tay, Junior"]
[Black "Semenova, Alina"]
[Result "1-0"]
[Board "155"]
[TimeControl "180+1"]
[WhiteFideId "5800439"]
[BlackFideId "24113875"]
[WhiteElo "2524"]
[BlackElo "2190"]
[WhiteTeam "SGP"]
[BlackTeam "RUS"]
[WhiteClock "0:00:30"]
[BlackClock "0:00:00"]

1. e4 e6 2. Nf3 d5 3. Nc3 dxe4 4. Nxe4 Nd7 5. d4 Ngf6 6. Neg5 h6 7. Nxe6 fxe6 8. Bd3 Bd6 9. Bg6+ Kf8 10. O-O b6 11. Qe2 Qe7 12. Ne5 Bxe5 13. dxe5 Nd5 14. f4 Kg8 15. c4 Nb4 16. a3 Nc6 17. b4 Nf8 18. Be4 Bb7 19. Qf3 Nd4 20. Qd3 Bxe4 21. Qxe4 Nb3 22. Qxa8 Nxa1 23. Bb2 Nc2 24. Qe4 Nxb4 25. axb4 Qxb4 26. Rb1 Qe7 27. Rf1 g6 28. g4 h5 29. f5 hxg4 30. f6 Qh7 31. Rf2 Qh3 32. Qf4 Nh7 33. f7+ Kg7 34. Ba3 Rd8 35. f8=Q+ Nxf8 36. Bxf8+ 1-0

[Event "December 12 Early 2023"]
[Site "https://www.chess.com"]
[Date "2023.12.12"]
[Round "3"]
[White "Teterev, Vitaly"]
[Black "Verbin, Valentina"]
[Result "1-0"]
[Board "156"]
[TimeControl "180+1"]
[WhiteFideId "13501429"]
[BlackFideId "13905910"]
[WhiteElo "2523"]
[BlackElo "2164"]
[WhiteTeam "BLR"]
[BlackTeam "MDA"]
[WhiteClock "0:00:13"]
[BlackClock "0:00:00"]

1. e4 e6 2. d4 d5 3. Nc3 Nf6 4. Bg5 dxe4 5. Nxe4 Be7 6. Bxf6 gxf6 7. Nf3 a6 8. g3 f5 9. Nc3 b5 10. Bg2 Bb7 11. O-O c5 12. Re1 cxd4 13. Nxd4 Bxg2 14. Kxg2 b4 15. Na4 Qd5+ 16. Qf3 Qxf3+ 17. Kxf3 Nd7 18. Re2 h5 19. Nxf5 Bf6 20. Nd6+ Ke7 21. Rd1 Ne5+ 22. Kg2 Rhd8 23. Red2 Nc6 24. Nb6 Rab8 25. Nbc4 Ne5 26. Nxe5 Bxe5 27. Nc4 Rxd2 28. Rxd2 Bc7 29. f4 a5 30. b3 h4 31. Kf3 hxg3 32. hxg3 Rh8 33. Kg2 Rg8 34. Rf2 Rd8 35. Nb2 Bb6 36. Re2 Rg8 37. Nd3 Bd4 38. Kf3 Rh8 39. Re4 Bc3 40. Kg2 Ra8 41. Rc4 a4 42. Nxb4 axb3 43. axb3 Bxb4 44. Rxb4 Rd8 45. Rb7+ Kf6 46. c4 Rd2+ 47. Kf3 Rd3+ 48. Kg4 e5 49. fxe5+ Kxe5 50. c5 f5+ 51. Kh4 Rd4+ 52. Kh3 Rd3 53. Kg2 Rd2+ 54. Kf3 Rd3+ 55. Kf2 Rd2+ 56. Ke3 Rg2 57. Kf3 Rc2 58. b4 Rc3+ 59. Kg2 Rc2+ 60. Kh3 Rc3 61. Re7+ Kf6 62. Re8 f4 63. Rf8+ Ke5 64. Rxf4 1-0

[Event "December 12 Early 2023"]
[Site "https://www.chess.com"]
[Date "2023.12.12"]
[Round "3"]
[White "BestestBP"]
[Black "Gavrilov, Maxim"]
[Result "1-0"]
[Board "157"]
[TimeControl "180+1"]
[BlackFideId "24271454"]
[WhiteElo "2128"]
[BlackElo "2521"]
[BlackTeam "RUS"]
[WhiteClock "0:00:04"]
[BlackClock "0:00:02"]

1. d4 Nf6 2. Nf3 d5 3. c4 c6 4. g3 Bf5 5. Nc3 dxc4 6. Bg2 e6 7. O-O h6 8. Ne5 Nbd7 9. Nxc4 Be7 10. e4 Bg6 11. d5 cxd5 12. exd5 Rc8 13. Ne3 exd5 14. Nexd5 Nxd5 15. Nxd5 O-O 16. Nxe7+ Qxe7 17. Bxb7 Rc2 18. Bf4 Ne5 19. Re1 Qxb7 20. Bxe5 Bf5 21. Qh5 Be6 22. Rad1 Rfc8 23. Rd6 Rc1 24. Red1 R1c4 25. Rd8+ Kh7 26. Rxc8 Bxc8 27. Qe2 Be6 28. Qd3+ g6 29. Qd8 Rc8 30. Qf6 Qe4 31. Qg7# 1-0

[Event "December 12 Early 2023"]
[Site "https://www.chess.com"]
[Date "2023.12.12"]
[Round "3"]
[White "Luxama, Jacques Muller"]
[Black "Play, Gilles"]
[Result "0-1"]
[Board "158"]
[TimeControl "180+1"]
[WhiteFideId "11900113"]
[BlackFideId "45130892"]
[WhiteElo "2122"]
[BlackElo "2521"]
[WhiteTeam "HAI"]
[BlackTeam "FRA"]
[WhiteClock "0:00:08"]
[BlackClock "0:01:11"]

1. e4 c5 2. Nf3 Nf6 3. Nc3 e6 4. d4 cxd4 5. Nxd4 Nc6 6. Nxc6 bxc6 7. Bd3 d5 8. O-O Bd6 9. Re1 Be7 10. e5 Nd7 11. Qg4 g6 12. Na4 Qc7 13. Qg3 c5 14. b3 Bb7 15. c4 d4 16. Bh6 O-O-O 17. a3 g5 18. b4 cxb4 19. axb4 Bxb4 20. Reb1 a5 21. Bxg5 Rdg8 22. Qh4 h6 23. Bf6 Rxg2+ 24. Kf1 Rhg8 25. Ke2 Qc6 26. Qh3 R8g3 27. Qxg3 Rxg3 28. hxg3 Qf3+ 29. Kf1 Qxd3+ 30. Kg1 Qf3 31. Kf1 d3 0-1

[Event "December 12 Early 2023"]
[Site "https://www.chess.com"]
[Date "2023.12.12"]
[Round "3"]
[White "Tilahun , Abel Mathewos"]
[Black "Manukyan, Artyom"]
[Result "0-1"]
[Board "159"]
[TimeControl "180+1"]
[WhiteFideId "15702391"]
[BlackFideId "13305786"]
[WhiteElo "2085"]
[BlackElo "2520"]
[WhiteTeam "ETH"]
[BlackTeam "ARM"]
[WhiteClock "0:00:00"]
[BlackClock "0:01:13"]

1. d4 d5 2. c4 e6 3. Nf3 Nf6 4. Nc3 c5 5. e3 Nc6 6. Bd3 cxd4 7. exd4 Be7 8. O-O O-O 9. h3 b6 10. cxd5 Nxd5 11. Nxd5 Qxd5 12. Be3 Bb7 13. Rc1 Rac8 14. a3 Rfd8 15. Qd2 Bf6 16. Rfd1 Qh5 17. Be2 Qg6 18. Bf1 Na5 19. Qe2 Nb3 20. Rxc8 Rxc8 21. Ne5 Bxe5 22. dxe5 h6 23. Rd7 Bd5 24. Qa6 Rc2 25. Rd8+ Kh7 26. Rxd5 Nc1 27. Bxc1 Rxc1 28. Rd2 Qg5 29. Qd3+ g6 30. Qf3 Kg7 31. Rd7 Rxf1+ 32. Kxf1 Qc1+ 33. Rd1 Qc4+ 34. Qd3 Qc5 35. f3 a5 36. Qd4 Qc2 37. Qd3 Qc5 38. Ke2 h5 39. Kf1 a4 40. Qd4 Qc2 41. Kg1 b5 42. Rf1 h4 43. Qf4 Qxb2 44. Qf6+ Kh7 0-1

[Event "December 12 Early 2023"]
[Site "https://www.chess.com"]
[Date "2023.12.12"]
[Round "3"]
[White "Santos, Isaque Goncalves"]
[Black "Pham, Le Thao Nguyen"]
[Result "0-1"]
[Board "160"]
[TimeControl "180+1"]
[WhiteFideId "2103885"]
[BlackFideId "12401226"]
[WhiteElo "1842"]
[BlackElo "2518"]
[WhiteTeam "BRA"]
[BlackTeam "VIE"]
[WhiteClock "0:00:00"]
[BlackClock "0:00:09"]

1. d4 Nf6 2. c4 c6 3. Nc3 d5 4. Nf3 dxc4 5. a4 Bf5 6. Ne5 Na6 7. Nxc4 Nb4 8. Ne3 Bg6 9. g3 e6 10. Bg2 Nfd5 11. Ncxd5 exd5 12. O-O Bd6 13. a5 O-O 14. Bd2 Re8 15. Qa4 Na6 16. b4 Nc7 17. Bc3 a6 18. Bb2 Nb5 19. Qb3 Be7 20. Rad1 Qd6 21. Nc2 Bxc2 22. Qxc2 Qxb4 23. e4 Rad8 24. e5 Qxa5 25. f4 Ba3 26. Ba1 Qb4 27. f5 Qc4 28. Qf2 Bf8 29. f6 g6 30. h4 Rc8 31. Qf4 c5 32. Rc1 Qb3 33. h5 cxd4 34. hxg6 hxg6 35. Rce1 Rc2 36. Rf3 Qb4 37. Rf2 Qxe1+ 38. Rf1 Qe2 0-1

[Event "December 12 Early 2023"]
[Site "https://www.chess.com"]
[Date "2023.12.12"]
[Round "3"]
[White "Skiadopoulos, Nikolaos"]
[Black "Vincenti, Leonardo"]
[Result "1-0"]
[Board "161"]
[TimeControl "180+1"]
[WhiteFideId "4200772"]
[BlackFideId "28550820"]
[WhiteElo "1733"]
[BlackElo "2241"]
[WhiteTeam "GRE"]
[BlackTeam "ITA"]
[WhiteClock "0:00:42"]
[BlackClock "0:00:01"]

1. e4 c6 2. d4 d5 3. e5 Bf5 4. Nf3 e6 5. Be2 Nd7 6. O-O c5 7. c3 Rc8 8. Be3 c4 9. Nbd2 b5 10. a4 a6 11. axb5 axb5 12. b3 Qb6 13. bxc4 bxc4 14. Nh4 Ne7 15. Nxf5 Nxf5 16. Qa4 Nxe3 17. fxe3 Be7 18. Rxf7 Kxf7 19. Qxd7 Rhe8 20. Bg4 Qc6 21. Bxe6+ Kg6 22. Qxd5 Qxd5 23. Bxd5 Bg5 24. Nf1 Re7 25. g3 h5 26. h4 Bh6 27. Ra6+ Kh7 28. e6 Rd8 29. Bxc4 Rf8 30. d5 Rf3 31. d6 Rb7 32. Bd3+ g6 33. e7 Bxe3+ 34. Kg2 Rf2+ 35. Kh3 Rb8 36. d7 Rff8 37. exf8=Q Rxf8 38. Re6 Rd8 39. Bxg6+ Kg7 40. Rxe3 Rxd7 41. Bxh5 Rc7 42. Bf3 Rc5 43. Nd2 Rc7 44. Ne4 Rc6 45. g4 Rc7 46. g5 Rc4 47. h5 Rc7 48. Rd3 Re7 49. Kg4 Re5 50. Kf4 Ra5 51. Bg4 Kh8 52. h6 Kg8 53. Bf5 Kh8 54. Rd8# 1-0

[Event "December 12 Early 2023"]
[Site "https://www.chess.com"]
[Date "2023.12.12"]
[Round "3"]
[White "Bardyk, Artem"]
[Black "Dyulgerov, Volen"]
[Result "1-0"]
[Board "162"]
[TimeControl "180+1"]
[WhiteFideId "34349979"]
[BlackFideId "2918978"]
[WhiteElo "2759"]
[BlackElo "2409"]
[WhiteTeam "RUS"]
[BlackTeam "BUL"]
[WhiteClock "0:00:36"]
[BlackClock "0:00:01"]

1. e4 c5 2. c3 d5 3. exd5 e6 4. Bb5+ Bd7 5. dxe6 Bxb5 6. exf7+ Kd7 7. fxg8=Q Rxg8 8. c4 Bxc4 9. d3 Bd5 10. Nf3 Bd6 11. Nc3 Bc6 12. Ne4 Re8 13. O-O Rxe4 14. dxe4 Bxe4 15. Bf4 Kc7 16. Re1 Bxf3 17. Qxf3 Nc6 18. Re6 Bxf4 19. Qxf4+ Kb6 20. b4 cxb4 21. Qxb4+ Kc7 22. Qf4+ Kc8 23. Rc1 a5 24. Rd6 Qe7 25. Qf5+ Kc7 26. Rcd1 Rd8 27. Rxd8 Nxd8 28. Qxa5+ Kc8 29. Qa8+ Kc7 30. Rc1+ Nc6 31. Qa5+ Kb8 32. Qb5 Qa3 33. Rxc6 Ka8 34. Rc8+ Ka7 35. Qc5+ b6 36. Qxa3+ 1-0

[Event "December 12 Early 2023"]
[Site "https://www.chess.com"]
[Date "2023.12.12"]
[Round "3"]
[White "Bazilius, Augustinas"]
[Black "Kislinsky, Alexey"]
[Result "1-0"]
[Board "163"]
[TimeControl "180+1"]
[WhiteFideId "12832251"]
[BlackFideId "14108801"]
[WhiteElo "2404"]
[BlackElo "2660"]
[WhiteTeam "LTU"]
[BlackTeam "CZE"]
[WhiteClock "0:00:03"]
[BlackClock "0:00:58"]

1. d4 Nf6 2. c4 g6 3. Nc3 Bg7 4. e4 d6 5. h3 O-O 6. Be3 c5 7. d5 e6 8. Bd3 exd5 9. exd5 Re8 10. Nf3 Nh5 11. O-O Nd7 12. Qd2 Ne5 13. Nxe5 Bxe5 14. Rae1 Bd7 15. Bg5 Qa5 16. Be2 Ng7 17. Bf3 Nf5 18. Bg4 h5 19. Bxf5 Bxf5 20. g4 hxg4 21. hxg4 Bxg4 22. Kg2 Qb4 23. Re4 f5 24. Rxe5 Rxe5 25. Bf6 Qxc4 26. Qh6 Kf7 27. Qg7+ Ke8 28. Qxg6+ Kd7 29. Qg7+ Kc8 30. Bxe5 Bh3+ 31. Kh2 Qxf1 32. Qf8+ Kd7 33. Qxd6+ Ke8 34. Qg6+ Kd8 35. Qg8+ Kd7 36. Qe6+ Kd8 37. Bf6+ Kc7 38. Qe7+ Kb6 39. Qd6+ Ka5 40. Qxc5+ b5 41. b4+ 1-0